 Dungeon Sprint DCSS version 0.25-a0-435-g4b9beb1024 (webtiles) character file.

Game seed: 10551684569072370937, levelgen mode: deterministic

13950 Baz the Imperceptible (level 11, -4/53 (54) HPs)
             Began as a Spriggan Enchanter on Jan 29, 2020.
             Was the Champion of Okawaru.
             Slain by a fire giant
             ... wielding a +2 great sword of flaming
              (23 damage)
             ... in the Dungeon (Sprint I: "Red Sonja").
             The game lasted 00:17:06 (3400 turns).

Baz the Imperceptible (Spriggan Enchanter)          Turns: 3400, Time: 00:17:07

HP:   -4/53 (54)    AC:  2    Str:  4    XL:     11   Next: 82%
MP:   11/29         EV: 20    Int: 16    God:    Okawaru [******]
Gold: 139           SH:  0    Dex: 21    Spells: 13/37 levels left

rFire    . . .     SeeInvis +   a - +1 dagger
rCold    . . .     Gourm    .   (shield restricted)
rNeg     . . .     Faith    .   b - +0 robe
rPois    .         Spirit   .   (helmet restricted)
rElec    .         Reflect  .   (no cloak)
rCorr    .         Harm     .   (gloves unavailable)
MR       +....     NoTele   +   (boots unavailable)
Stlth    ++++++++++             (no amulet)
HPRegen  0.17/turn              o - ring of stealth
MPRegen  0.21/turn              (no ring)

@: very quick
A: very small, unfitting armour, see invisible, herbivore, speed 3, slow
metabolism 2
a: Heroism, Finesse, Renounce Religion


You were in the Dungeon.
You worshipped Okawaru.
Okawaru was exalted by your worship.
You were near starving.

You visited 1 branch You collected 1231 gold pieces.
You spent 1092 gold pieces at shops.

Inventory:

Hand Weapons
 a - a +1 dagger (weapon)
 j - a +0 dagger of speed
Armour
 b - a +0 robe (worn)
Jewellery
 o - a ring of stealth (left hand)
Wands
 c - a wand of random effects (33)
 n - a wand of flame (21)
Scrolls
 k - 3 scrolls of remove curse {unknown}
 l - 2 scrolls of amnesia {unknown}
 m - a scroll of blinking
Potions
 e - a potion of curing
 f - a potion of heal wounds
 g - a potion of haste
 h - a potion of magic
 i - a potion of resistance {unknown}
Comestibles
 d - a ration


   Skills:
 - Level 4.6 Fighting
 - Level 10.0 Short Blades
 - Level 4.0 Dodging
 * Level 26.8 Stealth
 + Level 13.9 Spellcasting
 + Level 16.8 Hexes
 * Level 5.4 Summonings


You had 13 spell levels left.
You knew the following spells:

 Your Spells              Type           Power        Failure   Level  Hunger
a - Corona                Hex            ######.      0%          1    None
b - Ensorcelled Hibernat  Hex/Ice        #####.       1%          2    None
c - Confusing Touch       Hex            ######..     1%          3    None
d - Dazzling Flash        Conj/Hex       #####.       1%          3    None
e - Tukima's Dance        Hex            ######..     1%          3    None
f - Blink                 Tloc           N/A          10%         2    None
g - Summon Demon          Summ           ####......   19%         5    ####...
h - Summon Mana Viper     Hex/Summ       #####...     1%          5    ####...

Your spell library contained the following spells:

 Spells                   Type           Power        Failure   Level  Hunger
 Slow                     Hex            ######..     0%          2    None
 Call Imp                 Summ           ####....     1%          2    None
 Magic Dart               Conj           ##..         6%          1    None
 Recall                   Summ/Tloc      N/A          6%          3    None
 Conjure Flame            Conj/Fire      ##......     19%         3    None
 Mephitic Cloud           Conj/Pois/Air  ##......     19%         3    None
 Aura of Abjuration       Summ           ####......   19%         5    ####...
 Summon Forest            Summ/Tloc      ###.......   50%         5    ####...
 Shadow Creatures         Summ           N/A          69%         6    ######.


Dungeon Overview and Level Annotations

Branches:
Dungeon (1/1)

Altars:
Cheibriados
Dithmenos
Elyvilon
Fedhas
Gozag
Hepliaklqana
Kikubaaqudgha
Makhleb
Nemelex Xobeh
Okawaru
Qazlal
Ru
Sif Muna
Trog
Uskayaw
Vehumet
Wu Jian
Xom
Yredelemnul
Zin
The Shining One
Jiyva
Lugonu

Shops:
D [:}[!**![=[%=%}[!

Annotations:
D exclusion: 5 doors


Innate Abilities, Weirdness & Mutations

You are very small and have problems with some larger weapons.
You are too small for most types of armour.
You have supernaturally acute eyesight. (SInv)
You are a herbivore.
You cover ground extremely quickly.
You need to consume almost no food.


Message History

Okay, then.
Unknown command.
Unknown command.
Casting: Confusing Touch (safe; 1% risk of failure)
Confirm with . or Enter, or press ? or * to list all spells.
Okay, then.
Unknown command.
Casting: Confusing Touch (safe; 1% risk of failure)
Confirm with . or Enter, or press ? or * to list all spells.
A mana viper appears with a sibilant hiss.
You are near starving!
The fire giant hits you with a +2 great sword of flaming.
The fire giant burns you.
Casting: Summon Mana Viper (safe; 1% risk of failure)
Confirm with . or Enter, or press ? or * to list all spells.
A mana viper appears with a sibilant hiss.
Your mana viper bites the fire giant!
The fire giant's magic leaks into the air.
The fire giant hits you with a +2 great sword of flaming!!
You die...

).'§.#.#
##§§.#######+#§§§§$#
###..§.# ###'#
)(##..#$§§$§#
.##+####
#.##$$$#..##§ § .#
#..###$#..≈### .#
##.#A#$#..≈4=# '###
#..###$#.)≈e## .'.#
#S##..$#..≈## ##.#
#..#+###..≈# ##.#
##.@C# ≈..## ##.#
###S#M≈m.# ##§#
#.###yy# .§§# #.#
+yy# ##§# ####'#
§#§# #....# #§§#
#...#### ####
...C.## # .###


You could see a fire giant and 2 friendly mana vipers.

Vanquished Creatures
  A hydra (D)
  2 centaur warriors (D)
  Sonja (D)
  7 unseen horrors (D)
  A deep troll (D)
  A lindwurm (D)
  An oklob plant (D)
  A merfolk siren (D)
  2 kobold demonologists (D)
  4 demonic crawlers (D)
  A hornet (D)
  A slime creature (D)
  Sigmund (D)
  A yak (D)
  2 redbacks (D)
  13 hogs (D)
  3 floating eyes (D)
  7 necrophages (D)
  An ogre (D)
  8 jellies (D)
  Ijyb (D)
60 creatures vanquished.

Vanquished Creatures (collateral kills)
  A fire giant (D)
1 creature vanquished.

Vanquished Creatures (others)
  A gargoyle (D)
1 creature vanquished.

Grand Total: 62 creatures vanquished

Notes
Turn   | Place    | Note
-------+----------+-------------------------------------------
     0 | D        | Baz the Spriggan Enchanter began the quest for the Orb.
     0 | D        | Reached XP level 1. HP: 9/9 MP: 5/5
     1 | D        | Noticed Ijyb
    13 | D        | Killed Ijyb
    13 | D        | Reached skill level 6 in Stealth
    13 | D        | Reached skill level 5 in Hexes
    13 | D        | Reached XP level 2. HP: 13/13 MP: 5/7
    50 | D        | Noticed an ogre
   120 | D        | Learned a level 2 spell: Ensorcelled Hibernation
   189 | D        | Noticed Sigmund
   192 | D        | Killed an ogre
   192 | D        | Reached skill level 12 in Stealth
   192 | D        | Reached XP level 3. HP: 6/16 MP: 6/9
   192 | D        | Reached XP level 4. HP: 8/21 MP: 6/10
   199 | D        | Killed Sigmund
   199 | D        | Reached skill level 16 in Stealth
   199 | D        | Reached XP level 5. HP: 10/24 MP: 8/11
   394 | D        | Found an ornate altar of the Wu Jian Council.
   394 | D        | Found a shimmering blue altar of Sif Muna.
   396 | D        | Found a radiant altar of Vehumet.
   400 | D        | Reached skill level 17 in Stealth
   400 | D        | Reached XP level 6. HP: 28/28 MP: 12/12
   426 | D        | Found Xouhoem's Book Emporium.
   426 | D        | Found an ancient bone altar of Kikubaaqudgha.
   426 | D        | Found a hazy altar of Hepliaklqana.
   426 | D        | Found a stormy altar of Qazlal.
   426 | D        | Found a hide-covered altar of Uskayaw.
   426 | D        | Found a blossoming altar of Fedhas.
   426 | D        | Found a bloodstained altar of Trog.
   426 | D        | Found an iron altar of Okawaru.
   426 | D        | Found a basalt altar of Yredelemnul.
   426 | D        | Found a glowing golden altar of the Shining One.
   426 | D        | Found a snail-covered altar of Cheibriados.
   426 | D        | Found a sacrificial altar of Ru.
   426 | D        | Found a glowing silver altar of Zin.
   426 | D        | Found a shadowy altar of Dithmenos.
   426 | D        | Found a white marble altar of Elyvilon.
   426 | D        | Noticed a yak
   427 | D        | Found an opulent altar of Gozag.
   428 | D        | Killed a yak
   428 | D        | Reached skill level 19 in Stealth
   429 | D        | Found a sparkling altar of Nemelex Xobeh.
   435 | D        | Became a worshipper of Warmaster Okawaru
   441 | D        | Learned a level 3 spell: Confusing Touch
   445 | D        | Learned a level 3 spell: Dazzling Flash
   451 | D        | Noticed Sonja
   455 | D        | Killed Sonja
   455 | D        | Reached * piety under Okawaru
   455 | D        | Reached ** piety under Okawaru
   455 | D        | Reached skill level 20 in Stealth
   455 | D        | Reached XP level 7. HP: 32/32 MP: 12/17
   495 | D        | Noticed a deep troll
   499 | D        | Killed a deep troll
   499 | D        | Reached XP level 8. HP: 36/36 MP: 17/20
   526 | D        | Found Vedoset's Armour Emporium.
   557 | D        | Found a burning altar of Makhleb.
   557 | D        | Found a viscous altar of Jiyva.
   557 | D        | Found a shimmering altar of Xom.
   557 | D        | Found a corrupted altar of Lugonu.
   557 | D        | Noticed a slime creature
   560 | D        | Killed a slime creature
   580 | D        | Noticed a kobold demonologist
   581 | D        | Noticed a kobold demonologist
   587 | D        | Killed a kobold demonologist
   587 | D        | Reached *** piety under Okawaru
   587 | D        | Reached skill level 21 in Stealth
   587 | D        | Reached XP level 9. HP: 33/39 MP: 15/22
   597 | D        | Killed a kobold demonologist
   658 | D        | Noticed a demonic crawler
   658 | D        | Noticed a demonic crawler
   658 | D        | Noticed a demonic crawler
   658 | D        | Noticed a demonic crawler
   676 | D        | Killed a gargoyle
   955 | D        | Killed a demonic crawler
   994 | D        | Killed a demonic crawler
   994 | D        | Reached skill level 22 in Stealth
  1186 | D        | Noticed a lindwurm
  1190 | D        | Killed a lindwurm
  1190 | D        | Reached skill level 10 in Spellcasting
  1200 | D        | Learned a level 3 spell: Tukima's Dance
  1205 | D        | Reached **** piety under Okawaru
  1230 | D        | Reached skill level 23 in Stealth
  1239 | D        | Reached XP level 10. HP: 40/44 MP: 20/25
  1397 | D        | Reached skill level 10 in Short Blades
  1448 | D        | Noticed a 12-headed hydra
  1450 | D        | Killed a 12-headed hydra
  1450 | D        | Reached ***** piety under Okawaru
  1450 | D        | Reached skill level 1 in Fighting
  1450 | D        | Reached skill level 24 in Stealth
  1452 | D        | Received a gift from Okawaru
  1508 | D        | Noticed a centaur warrior
  1508 | D        | Noticed a centaur warrior
  1514 | D        | Killed a centaur warrior
  1515 | D        | Killed a centaur warrior
  1529 | D        | Reached skill level 15 in Hexes
  1541 | D        | Noticed an oklob plant
  1566 | D        | Killed an oklob plant
  1722 | D        | Reached skill level 25 in Stealth
  1722 | D        | Reached XP level 11. HP: 52/52 MP: 28/28
  1747 | D        | Noticed an unseen horror
  1748 | D        | Noticed an unseen horror
  1763 | D        | Killed an unseen horror
  1764 | D        | HP: 2/53 [unseen horror (5)]
  1767 | D        | Killed an unseen horror
  2147 | D        | Received a gift from Okawaru
  2189 | D        | Found Oponnin's Armour Shoppe.
  2189 | D        | Found Wuwnaige's Gadget Shop.
  2189 | D        | Found Kuparuschi's Distillery.
  2191 | D        | Found Beitaudo's Assorted Antiques.
  2191 | D        | Found Peucik's General Store.
  2191 | D        | Found Urutig's Distillery.
  2191 | D        | Found Voimm's Armour Boutique.
  2191 | D        | Found Woonud's Jewellery Emporium.
  2191 | D        | Found Boukh's Armour Shop.
  2191 | D        | Found Coat's Food Shoppe.
  2193 | D        | Found Puaf Mai's Jewellery Boutique.
  2194 | D        | Found Fybb's Gadget Emporium.
  2194 | D        | Found Nuaklezi's Food Boutique.
  2195 | D        | Found Capraob's Distillery.
  2711 | D        | Bought a book of Summonings for 700 gold pieces
  2711 | D        | Bought a book of Minor Magic for 200 gold pieces
  2714 | D        | Learned a level 2 spell: Blink
  2720 | D        | Learned a level 5 spell: Summon Demon
  2726 | D        | Learned a level 5 spell: Summon Mana Viper
  2743 | D        | Reached skill level 1 in Summonings
  2898 | D        | Bought an uncursed ring of stealth for 192 gold pieces
  2947 | D        | Found Tuqegeu's Antique Armour Boutique.
  2957 | D        | Noticed a shining eye
  2957 | D        | Noticed a shining eye
  2957 | D        | Noticed a shining eye
  2957 | D        | Noticed a shining eye
  2957 | D        | Noticed a shining eye
  2957 | D        | Noticed a shining eye
  3162 | D        | Noticed a deep elf annihilator
  3167 | D        | Noticed a mummy priest
  3186 | D        | Noticed a daeva
  3190 | D        | Noticed an unseen horror
  3190 | D        | Noticed an unseen horror
  3190 | D        | Noticed an unseen horror
  3190 | D        | Noticed an unseen horror
  3193 | D        | Killed an unseen horror
  3193 | D        | Reached skill level 26 in Stealth
  3194 | D        | Noticed an unseen horror
  3195 | D        | Killed an unseen horror
  3196 | D        | Killed an unseen horror
  3198 | D        | Killed an unseen horror
  3200 | D        | Killed an unseen horror
  3314 | D        | Noticed a fire giant
  3344 | D        | Killed a fire giant
  3344 | D        | Reached ****** piety under Okawaru
  3344 | D        | Reached skill level 5 in Summonings
  3395 | D        | Noticed a fire giant
  3400 | D        | Slain by a fire giant

Levels and vault maps discovered:
D:        dungeon_sprint_1 [red_sonja_temple_1, red_sonja_temple_small_1]

Skill      XL: |  1  2  3  4  5  6  7  8  9 10 11 |
---------------+----------------------------------+-----
Dodging        | 4 |  4.0
Stealth        | 6 12 16 17 20 21 23 25 26 | 26.8
Spellcasting   | 3 6 7 8 10 12 13 | 13.9
Hexes          | 5 9 11 13 15 16 | 16.8
Short Blades   | 4 6 7 9 10 | 10.0
Fighting       | 3 4 |  4.6
Summonings     | 5 |  5.4

Action                   |  1- 3 |  4- 6 |  7- 9 | 10-12 || total
-------------------------+-------+-------+-------+-------++-------
Melee: Dagger            |    10 |     4 |    32 |    79 ||   125
 Cast: Ensorcelled Hiber |     1 |     4 |     6 |    22 ||    33
       Dazzling Flash    |       |       |     4 |     6 ||    10
       Confusing Touch   |       |       |     1 |     6 ||     7
       Tukima's Dance    |       |       |       |     1 ||     1
       Summon Mana Viper |       |       |       |     6 ||     6
  Use: Potion            |     1 |     1 |       |     1 ||     3
       Scroll            |       |       |     1 |       ||     1
 Stab: Sleeping          |     2 |     4 |    10 |    34 ||    50
       Invisible         |       |       |     5 |     3 ||     8
       Confused          |       |       |     1 |     5 ||     6
Armor: Robe              |     1 |       |     2 |     4 ||     7
Dodge: Dodged            |     4 |     3 |    39 |    44 ||    90

Table legend:
 A = Non-vault XP
 B = Vault XP
 C = Vault XP percentage of total XP
 D = Non-vault monster count
 E = Vault monster count
 F = Vault count percentage of total count
                 A         B        C        D         E       F
            +---------+---------+-------+---------+---------+-------
      Total |       0 |   19929 | 100.0 |       0 |      61 | 100.0
            +---------+---------+-------+---------+---------+-------
          D |       0 |   19929 | 100.0 |       0 |      61 | 100.0
            +---------+---------+-------+---------+---------+-------
